Map: Site Delta LE

Players

soO - Winner!

  • Race: Zerg Zerg

Coffeeame (Coffee)

  • Race: Terran Terran
  • League: Master

Event: IEM Katowice 2024

VOD

Have the link to the VOD?

Description

Time

  • Played on: Dec. 5, 2023, 5:09 a.m.
  • Length: 13:26

All games in this series

Show
View Real Time Build Order
Export as new Build Order

soO Zerg - Winner!

Build Orders: Hatch First, Lurkers 

Get SALT Encoding   

  12  0:00  Drone  
  13  0:12  Overlord  
  13  0:17  Drone  
  14  0:30  Drone x2  
  16  0:48  Hatchery  
  15  0:51  Drone  
  15  0:54  Drone  
  17  0:57  Drone  
  18  1:09  Extractor  
  17  1:13  Spawning Pool  
  17  1:15  Drone  
  17  1:19  Drone  
  18  1:29  Drone  
  19  1:38  Drone  
  20  1:50  Drone  
  21  1:59  Queen x2  
  21  2:00  Zergling x4  
  27  2:10  Overlord  
  27  2:11  Drone  
  28  2:20  Hatchery  
  27  2:25  Drone  
  27  2:29  Drone  
  29  2:34  Drone x2  
  31  2:38  Queen  
  33  2:47  Metabolic Boost, Overlord  
  33  2:50  Drone  
  33  2:54  Overlord  
  33  2:57  Drone  
  34  3:06  Drone x2  
  34  3:08  Drone  
  34  3:09  Drone x2  
  39  3:15  Drone  
  39  3:19  Queen  
  40  3:21  Drone  
  40  3:25  Drone  
  44  3:28  Overlord  
  44  3:34  Queen  
  44  3:35  Drone  
  44  3:38  Drone  
  44  3:39  Overlord  
  44  3:41  Drone x2  
  50  3:45  Drone  
  50  3:47  Zergling x4  
  50  3:48  Drone x2  
  56  3:55  Drone x3  
  56  3:59  Queen  
  56  4:02  Drone x2  
  62  4:04  Drone  
  63  4:12  Queen  
  63  4:15  Overlord  
  63  4:16  Drone  
  63  4:17  Drone x3  
  68  4:23  Drone x2  
  71  4:28  Overlord  
  71  4:29  Overlord  
  71  4:31  Drone  
  71  4:32  Overlord  
  71  4:34  Drone, Baneling Nest  
  71  4:35  Drone  
  73  4:39  Drone  
  73  4:41  Drone x2, Spore Crawler  
  73  4:44  Lair  
  73  4:45  Drone x3  
  78  4:50  Extractor, Drone x2  
  78  4:51  Drone  
  78  4:52  Extractor, Queen  
  81  4:53  Drone  
  81  4:56  Spore Crawler  
  81  4:57  Spore Crawler  
  80  5:00  Drone x2  
  80  5:06  Zergling x4  
  84  5:08  Overlord  
  84  5:13  Drone x2  
  84  5:14  Drone x3  
  88  5:17  Extractor x2  
  84  5:22  Drone x3  
  84  5:24  Drone x3  
  84  5:27  Drone x2  
  89  5:29  Hatchery  
  89  5:31  Drone  
  89  5:34  Evolution Chamber  
  89  5:35  Evolution Chamber  
  87  5:43  Overseer  
  87  5:45  Centrifugal Hooks  
  87  5:48  Zergling x14  
  94  5:50  Overlord  
  94  6:00  Drone x3  
  94  6:01  Zerg Melee Weapons Level 1, Zerg Ground Armor Level 1  
  94  6:02  Hydralisk Den  
  96  6:06  Drone x2  
  96  6:07  Overlord  
  98  6:12  Drone  
  98  6:13  Drone  
  99  6:25  Hatchery  
  99  6:31  Zergling x14  
  99  6:32  Zergling x6  
  108  6:35  Grooved Spines  
  108  6:43  Hydralisk x4  
  116  6:47  Hydralisk  
  116  6:48  Hydralisk x2  
  116  6:53  Overseer, Hydralisk x4  
  129  7:01  Baneling x9  
  126  7:04  Hydralisk  
  126  7:05  Zergling x4  
  126  7:06  Overlord x2  
  130  7:10  Overlord  
  130  7:16  Baneling x2, Overlord  
  130  7:17  Baneling x2  
  130  7:19  Overlord  
  130  7:25  Zergling x2  
  130  7:26  Zergling x14  
  130  7:27  Muscular Augments  
  130  7:28  Baneling x3  
  130  7:29  Baneling x2  
  138  7:36  Zergling x6, Hydralisk x2  
  145  7:43  Zergling x8  
  125  8:00  Zergling x4  
  125  8:01  Zergling x16  
  134  8:05  Drone x2  
  134  8:06  Zerg Melee Weapons Level 2, Zerg Ground Armor Level 2  
  134  8:11  Baneling x6  
  135  8:15  Drone x6  
  135  8:16  Hatchery  
  140  8:23  Infestation Pit  
  140  8:24  Baneling x2  
  137  8:28  Extractor  
  137  8:30  Zergling x2  
  137  8:31  Zergling x14  
  139  8:34  Baneling x6  
  139  8:37  Zergling x16  
  139  8:39  Baneling x2  
  147  8:45  Hydralisk x2  
  147  8:46  Zergling x8  
  155  9:00  Zergling x12  
  155  9:01  Hive  
  161  9:05  Drone x3  
  161  9:06  Spore Crawler  
  163  9:10  Extractor  
  163  9:12  Overlord x3  
  163  9:16  Overlord  
  159  9:17  Lurker Den  
  159  9:21  Overlord  
  153  9:27  Baneling x5  
  153  9:28  Baneling  
  153  9:34  Drone x5  
  153  9:35  Baneling  
  153  9:36  Hydralisk x3, Baneling x4  
  153  9:37  Zergling x26  
  177  9:39  Pneumatized Carapace  
  177  9:54  Drone x2  
  177  9:57  Spore Crawler  
  178  10:03  Drone  
  177  10:14  Seismic Spines  
  177  10:17  Adrenal Glands  
  177  10:22  Lurker x3, Zerg Missile Weapons Level 1  
  177  10:27  Zergling x4  
  177  10:28  Zergling x30  
  197  10:36  Extractor  
  197  10:38  Zerg Ground Armor Level 3  
  196  10:46  Hatchery  
  193  10:52  Lurker x2  
  193  10:53  Lurker, Overlord  
  193  10:54  Overlord  
  196  10:57  Overlord  
  187  11:11  Adaptive Talons  
  154  11:28  Hydralisk x3  
  154  11:29  Zergling x18, Hydralisk  
  154  11:30  Zergling x22  
  182  11:34  Baneling x14  
  182  11:36  Viper  
  182  11:38  Zergling x2, Viper  
  182  11:39  Zergling x22  
  198  12:11  Hatchery  
  194  12:20  Baneling x21  
  194  12:24  Zergling x12  
  197  12:40  Drone x3  
  197  12:44  Extractor  
  199  12:46  Spine Crawler  
  199  12:49  Spine Crawler  
  197  12:53  Zergling x6, Baneling x10  
  194  13:12  Overseer  
Show
View Real Time Build Order
Export as new Build Order

Coffeeame Terran 

Build Orders: Reaper Expand, Hellion Banshee 

Get SALT Encoding   

  12  0:00  SCV  
  13  0:12  SCV  
  14  0:16  Supply Depot  
  14  0:24  SCV  
  15  0:38  SCV  
  15  0:39  Barracks  
  15  0:42  Refinery  
  16  0:50  SCV  
  17  1:02  SCV  
  18  1:14  SCV  
  19  1:26  Reaper  
  19  1:27  Orbital Command  
  20  1:39  Command Center  
  20  1:48  Supply Depot  
  20  1:53  SCV  
  21  1:58  Marine  
  22  2:05  SCV  
  23  2:13  Factory  
  23  2:17  SCV  
  23  2:20  Barracks Reactor  
  24  2:29  SCV  
  25  2:41  SCV  
  25  2:42  Command Center  
  26  2:51  Orbital Command  
  26  2:53  SCV  
  27  3:00  Starport  
  27  3:04  Refinery  
  27  3:07  SCV  
  28  3:14  Hellion x2  
  28  3:16  Barracks Tech Lab  
  32  3:20  SCV  
  32  3:21  SCV  
  34  3:32  SCV  
  34  3:33  SCV  
  36  3:35  Hellion x2  
  40  3:43  Banshee, Marine  
  40  3:46  SCV x2  
  46  3:57  Orbital Command, Cloaking Field  
  46  4:06  Hellion, SCV x2  
  46  4:07  Hellion  
  52  4:10  Barracks Tech Lab  
  52  4:11  Supply Depot  
  52  4:18  SCV  
  53  4:24  SCV  
  53  4:25  SCV  
  53  4:26  Banshee  
  53  4:29  Hellion  
  60  4:33  Hellion  
  60  4:36  Supply Depot  
  60  4:37  SCV x2  
  64  4:38  SCV  
  64  4:41  Stimpack  
  65  4:49  SCV  
  65  4:50  SCV x2  
  68  4:57  Barracks  
  68  5:00  Factory Reactor  
  68  5:01  Barracks  
  68  5:02  SCV x2  
  68  5:04  Engineering Bay  
  68  5:05  Engineering Bay  
  70  5:08  Refinery  
  70  5:10  Refinery  
  70  5:11  Supply Depot  
  70  5:13  SCV  
  70  5:14  SCV x2  
  73  5:26  SCV x2  
  73  5:29  Orbital Command  
  73  5:30  Barracks x2, Starport Reactor  
  73  5:31  Supply Depot  
  73  5:34  Terran Infantry Weapons Level 1, Terran Infantry Armor Level 1  
  73  5:38  SCV x2  
  75  5:47  Supply Depot x2  
  75  5:51  Marine x2  
  75  5:52  Siege Tank, Marine  
  75  5:56  SCV x2  
  83  5:58  SCV  
  83  6:01  Marine x2  
  86  6:08  SCV x2  
  86  6:09  Marine x3  
  86  6:10  SCV  
  92  6:18  Bunker, Marine x2, Supply Depot  
  89  6:19  Marine x2  
  89  6:20  Combat Shield, Supply Depot  
  89  6:24  Medivac x2  
  97  6:28  Siege Tank  
  100  6:33  Supply Depot  
  100  6:37  SCV x3  
  103  6:41  Marine x6  
  103  6:42  Marine  
  108  6:59  Medivac  
  60  7:01  Medivac  
  110  7:03  SCV x2  
  110  7:05  Armory, Supply Depot  
  110  7:06  Supply Depot, Marine x3  
  110  7:07  Barracks Reactor, Marine  
  119  7:08  Barracks Reactor  
  119  7:13  Siege Tank  
  121  7:16  Marine  
  121  7:21  Supply Depot, Refinery  
  121  7:22  Supply Depot  
  122  7:24  Marine x4, Supply Depot  
  126  7:34  Marine  
  127  7:42  Marine x4  
  127  7:43  Marine x2  
  133  7:45  Medivac x2  
  132  7:51  Marine  
  105  7:58  Marine x2  
  105  8:00  Marine x4  
  105  8:01  Terran Infantry Weapons Level 2, Terran Infantry Armor Level 2, Marine x2  
  113  8:08  Refinery  
  113  8:09  Marine  
  113  8:10  Siege Tank  
  117  8:16  Marine x2  
  117  8:17  Marine  
  117  8:18  Marine x3  
  117  8:19  Marine  
  124  8:20  Command Center  
  124  8:24  Marine  
  125  8:27  Marine  
  124  8:34  Marine  
  124  8:35  Marine x3  
  124  8:36  Factory, Marine  
  124  8:41  Marine x2  
  129  8:42  Marine  
  129  8:43  Siege Tank  
  129  8:45  Marine  
  136  8:52  Marine  
  136  8:53  Marine x2  
  136  8:54  Barracks, SCV x2  
  136  8:55  SCV  
  142  8:56  Barracks  
  142  8:58  Barracks  
  142  9:04  Marine  
  142  9:05  Marine x4  
  142  9:06  SCV  
  148  9:15  Siege Tank  
  151  9:22  Marine x6  
  151  9:23  Factory Tech Lab, Marine  
  149  9:26  SCV x2  
  149  9:30  Marine x2  
  151  9:32  Sensor Tower  
  151  9:39  Liberator x2  
  151  9:40  Marine x2  
  159  9:51  Siege Tank x2  
  159  9:52  Barracks Tech Lab x3  
  165  9:55  Marine x6  
  165  9:56  Marine  
  165  9:58  Marine  
  173  10:04  Supply Depot x2  
  173  10:05  Marine  
  174  10:13  Planetary Fortress, Marine x2  
  174  10:18  Marine x9  
  174  10:20  Terran Infantry Weapons Level 3  
  183  10:22  Terran Infantry Armor Level 3  
  183  10:23  Marine  
  184  10:30  Marine  
  185  10:40  Terran Vehicle Weapons Level 1  
  185  10:41  Marine  
  185  10:42  Sensor Tower  
  186  10:53  Siege Tank x2  
  186  10:54  Concussive Shells  
  186  10:55  Marauder x3  
  198  11:01  Marine x2  
  200  11:05  Refinery x2  
  200  11:07  Command Center  
  132  11:26  Siege Tank x2  
  132  11:27  Marine  
  132  11:28  Marine x2  
  132  11:30  Marine x3  
  132  11:31  Marauder x2  
  145  11:33  Ghost Academy  
  145  11:41  Command Center  
  145  11:42  Command Center  
  145  11:43  Marauder x2  
  149  11:52  Marauder  
  151  11:58  Siege Tank  
  151  11:59  Siege Tank  
  156  12:02  Medivac  
  156  12:03  Medivac  
  144  12:19  Marine x2  
  141  12:23  Ghost x3, Marine x2  
  148  12:31  Command Center  
  148  12:37  Siege Tank x2, Liberator x2  
  148  12:40  SCV x2  
  148  12:41  SCV x2  

Tags
 
Add a new tag
Caveats
  • Supply blocks, unpowered buildings, or Contaminate may cause inaccurate times.
  • Supply counts are checked every 10 seconds.